 Dungeon Crawl Stone Soup version 0.28-a0-429-g1448048969 (webtiles) character file.

Game seed: 14339080390712822392

1400 robertstho the Magician (level 9, -8/60 HPs)
             Began as a Djinni Fire Elementalist on Sept 10, 2021.
             Mangled by a yak (11 damage)
             ... on level 5 of the Dungeon.
             The game lasted 00:05:11 (5114 turns).

robertstho the Magician (Djinni Fire Elementalist)  Turns: 5114, Time: 00:05:12

Health: -8/60      AC:  6    Str:  7    XL:     9   Next: 1%
Gold:   187        EV: 13    Int: 21    God:
                   SH:  0    Dex: 13

rFire   + + .      SeeInvis .   b - +1 short sword (drain)
rCold   x . .      Faith    .   (no shield)
rNeg    . . .      Spirit   .   a - +0 robe
rPois   ∞          Reflect  .   (no helmet)
rElec   .          Harm     .   (no cloak)
rCorr   .          Rampage  .   (no gloves)
Will    +....                   (boots unavailable)
Stlth   ++........              (no amulet)
HPRegen 0.20/turn               g - +4 ring of protection
MPRegen 0.00/turn               l - ring of willpower

@: flying
A: sickness immunity, fire resistance 2, cold vulnerability 1, float, innate
caster, hp casting, extra vitality 1
a: no special abilities


You were on level 5 of the Dungeon.
You visited 1 branch of the dungeon, and saw 5 of its levels.

You collected 187 gold pieces.

Inventory:

Hand Weapons
 b - a +1 short sword of draining (weapon)
Armour
 a - a +0 robe (worn)
Jewellery
 g - a +4 ring of protection (left hand)
 l - a ring of willpower (right hand)
Wands
 f - a wand of paralysis (10)
 k - a wand of iceblast (7)
Scrolls
 d - 4 scrolls of identify {unknown}
 j - a scroll of enchant weapon {unknown}
 n - 4 scrolls of fear {unknown}
 q - a scroll of immolation {unknown}
 r - a scroll of teleportation {unknown}
Potions
 c - a potion of magic {unknown}
 e - a potion of heal wounds {unknown}
 h - a potion of degeneration {unknown}
 i - 3 potions of flight {unknown}
 m - a potion of curing {unknown}
 o - a potion of cancellation {unknown}
 p - a potion of brilliance {unknown}


   Skills:
 * Level 3.1 Fighting
 + Level 0.2 Short Blades
 + Level 3.1 Dodging
 + Level 2.5 Stealth
 * Level 7.5 Spellcasting


You had one spell level left.
You knew the following spells:

 Your Spells              Type           Power      Damage    Failure   Level
a - Foxfire               Conj/Fire      100%       2x1d9     1%          1
b - Scorch                Fire           78%        2d8       1%          2
c - Conjure Flame         Conj/Fire      39%        6-21      1%          3
d - Inner Flame           Hex/Fire       39%        N/A       1%          3
e - Flame Wave            Conj/Fire      39%        3d8       3%          4
f - Sandblast             Erth           78%        2d17      1%          1
g - Wereblood             Tmut           39%        N/A       1%          2
h - Searing Ray           Conj           78%        2d7       1%          2
i - Summon Ice Beast      Ice/Summ       39%        N/A       3%          4
Your spell library was empty.

Dungeon Overview and Level Annotations

Branches:
Dungeon (5/15)
 Temple: D:4-7

Altars:
Hepliaklqana
Nemelex Xobeh

Shops:
D:1 [


Innate Abilities, Weirdness & Mutations

You are immune to sickness and miasma.
You are immune to poison.
Your flesh is very heat resistant. (rF++)
You are vulnerable to cold. (rC-)
You float through the air rather than walking.
You learn spells naturally, not from books.
Your magical power is your life essence.
You have superior vitality. (+4 HP)


Message History

(Press . to intensify the flame waves.) Unknown command.
A wave of flame ripples out!
The flame wave engulfs the yak!
The yak is heavily wounded.
The yak gores you.
A wave of flame ripples out!
The flame wave engulfs the yak!
The yak is almost dead.
The flame wave engulfs the yak!
The yak is moderately wounded.
The flame wave engulfs the yak!
The yak is moderately wounded.
You finish channelling waves of flame.
The yak gores you!
* * * LOW HITPOINT WARNING * * *
Casting: Flame Wave (dangerous; 4% risk of failure)
Confirm with . or Enter, or press ? or * to list all spells.
Casting: Flame Wave (dangerous; 4% risk of failure)
Press: ? - help, Dir - look around, f - activate A wave of flame ripples out!
The flame wave engulfs the yak!
You kill the yak! (Press . to intensify the flame waves.)
* * * LOW HITPOINT WARNING * * *
Your Fighting skill increases to level 3!
You have reached level 9!
Your experience leads to an increase in your attributes!
Increase (S)trength, (I)ntelligence, or (D)exterity?
You feel clever.
The power to cast Summon Ice Beast wells up from within.
Spell assigned to 'i'.
A wave of flame ripples out!
The flame wave engulfs the yak!
The yak is severely wounded.
The flame wave engulfs the yak!
The yak is severely wounded.
* * * LOW HITPOINT WARNING * * *
A wave of flame ripples out!
The flame wave engulfs the yak!
You kill the yak!
The flame wave engulfs the yak.
The yak is severely wounded.
* * * LOW HITPOINT WARNING * * *
You finish channelling waves of flame.
The yak gores you!
You die...

#.# #........# #####
#.####........######....
#>...'........'......###
######........######..#
#........# #..##
#........# #(..#
#........# #.#.#
#........# #.#+#
#.@......# #....
##Y####### #.... #.#
#.... #.# #.... #.#
#.... #.# #.... #.#
#.... ..# #.... #....


You could see a yak.

Vanquished Creatures
  Grinder (D:3)
  Sigmund (D:3)
  4 yaks (D:5)
  Purgy (D:3)
  A phantom (D:5)
  A scorpion (D:4)
  An orc priest (D:5)
  Jessica (D:3)
  2 iguanas
  3 orc wizards (D:5)
  A hound skeleton (D:4)
  7 gnolls
  5 adders
  A dart slug (D:2)
  5 orcs
  3 endoplasms
  5 giant cockroaches
  2 goblins
  9 hobgoblins
  3 jackals (D:1)
  4 kobolds
  3 quokkas (D:4)
  5 ball pythons
  10 bats
  4 frilled lizards
  8 rats
91 creatures vanquished.

Vanquished Creatures (others)
  380 foxfires
380 creatures vanquished.

Grand Total: 471 creatures vanquished

Notes
Turn   | Place    | Note
-------+----------+-------------------------------------------
     0 | D:1      | robertstho the Djinni Fire Elementalist began the quest for
                  | the Orb.
     0 | D:1      | Reached XP level 1. HP: 15/15 MP: 0/0
   201 | D:1      | Reached XP level 2. HP: 11/21 MP: 0/0
   388 | D:1      | Found Teanenn's Armour Shop.
   656 | D:1      | Found a faded altar of an unknown god.
   819 | D:1      | Reached skill level 3 in Spellcasting
  1060 | D:1      | Reached XP level 3. HP: 23/25 MP: 0/0
  1060 | D:1      | Learned a level 1 spell: Sandblast
  2105 | D:2      | Reached XP level 4. HP: 26/31 MP: 0/0
  2266 | D:2      | Found a hazy altar of Hepliaklqana.
  2562 | D:3      | Noticed Purgy
  2573 | D:3      | Killed Purgy
  2574 | D:3      | Reached skill level 1 in Fighting
  2574 | D:3      | Reached skill level 4 in Spellcasting
  2574 | D:3      | Reached XP level 5. HP: 18/37 MP: 0/0
  2574 | D:3      | Learned a level 2 spell: Wereblood
  2760 | D:3      | Noticed Jessica
  2765 | D:3      | Killed Jessica
  2934 | D:3      | Reached XP level 6. HP: 39/42 MP: 0/0
  3195 | D:3      | Noticed Sigmund
  3200 | D:3      | Killed Sigmund
  3201 | D:3      | Reached skill level 5 in Spellcasting
  3201 | D:3      | Reached XP level 7. HP: 40/48 MP: 0/0
  3201 | D:3      | Learned a level 2 spell: Searing Ray
  3414 | D:3      | Noticed Grinder
  3424 | D:3      | Killed Grinder
  3678 | D:3      | Found a sparkling altar of Nemelex Xobeh.
  4281 | D:4      | Reached skill level 6 in Spellcasting
  4281 | D:4      | Reached XP level 8. HP: 49/55 MP: 0/0
  4557 | D:5      | Entered Level 5 of the Dungeon
  5101 | D:5      | Noticed a yak
  5101 | D:5      | Noticed a yak
  5101 | D:5      | Noticed a yak
  5101 | D:5      | Noticed a yak
  5101 | D:5      | Noticed a yak
  5107 | D:5      | Killed a yak
  5108 | D:5      | Reached skill level 7 in Spellcasting
  5108 | D:5      | Killed a yak
  5112 | D:5      | Killed a yak
  5113 | D:5      | Reached XP level 9. HP: 5/60 MP: 0/0
  5113 | D:5      | Learned a level 4 spell: Summon Ice Beast
  5114 | D:5      | Mangled by a yak

Illustrated notes

Levels and vault maps discovered:
D:1:      heliophobic_arrival_battle_scene, layout_loops_cross, serial_shops,
          shop, ebering_ecumenical_altar_hall
D:2:      layout_basic, basic_altar, minivault_14
D:3:      layout_rooms, nemelex_dance_club_becter, uniq_jessica, uniq_purgy,
          uniq_sigmund, uniq_grinder
D:4:      layout_basic, small_statue_intersection
D:5:      layout_basic

Skill      XL: |  1  2  3  4  5  6  7  8 |
---------------+-------------------------+-----
Spellcasting   | 3 4 5 6 7 |  7.5
Stealth        | 2 |  2.5
Fighting       | 1 2 3 |  3.1
Dodging        | 3 |  3.1
Short Blades   | |  0.2

Action                   |  1- 3 |  4- 6 |  7- 9 || total
-------------------------+-------+-------+-------++-------
Melee: Short sword       |     4 |       |    10 ||    14
 Cast: Foxfire           |    87 |    49 |    92 ||   228
       Scorch            |       |     5 |    20 ||    25
       Flame Wave        |       |     1 |     3 ||     4
  Use: Scroll            |     2 |       |       ||     2
Armor: Robe              |     3 |     5 |     6 ||    14
Dodge: Dodged            |    12 |    10 |    16 ||    38

Table legend: (Time is in decaauts)
 A = Elapsed time spent in this place.
 B = Non-inter-level travel time spent in this place.
 C = Inter-level travel time spent in this place.
 D = Time resting spent in this place.
 E = Time spent auto-exploring this place.
 F = Levels seen in this place.
 G = Mean time per level.
                   A        B        C        D        E       F      G
               +--------+--------+--------+--------+--------+-----+--------+
         Total |   5114 |   5013 |    101 |    142 |   4318 |   5 | 1022.8 |
       Dungeon |   5114 |   5013 |    101 |    142 |   4318 |   5 | 1022.8 |
               +--------+--------+--------+--------+--------+-----+--------+

Top non-repeatable levels by time:
     D:2: 1500 daAuts
     D:1: 1183 daAuts
     D:3: 1020 daAuts
     D:4: 852 daAuts
     D:5: 557 daAuts
